 Dungeon Crawl Stone Soup version 0.30.1-3-gfc49f6343a (webtiles) character file.

Game seed: 12625639079157313726

473 booth the Magician (level 6, -1/44 HPs)
             Began as a Demonspawn Hedge Wizard on Aug 1, 2023.
             Slain by Edmund
             ... wielding a +1 heavy flail
              (7 damage)
             ... on level 4 of the Dungeon.
             The game lasted 00:21:21 (3420 turns).

booth the Magician (Demonspawn Hedge Wizard)        Turns: 3420, Time: 00:21:22

Health: -1/44      AC:  6    Str: 11    XL:     6   Next: 84%
Magic:  19/21      EV: 12    Int: 17    God:
Gold:   167        SH:  0    Dex: 12    Spells: 8/13 levels left

rFire   . . .        a - +0 dagger
rCold   + . .        (no shield)
rNeg    . . .        b - +0 robe
rPois   .            c - +0 hat
rElec   .            e - +1 cloak
rCorr   .            (no gloves)
SInv    .            (no boots)
Will    .....        (no amulet)
Stlth   ++           h - ring of magical power
HPRegen 0.27/turn    s - ring of protection from cold
MPRegen 0.17/turn

%: no passive effects
@: no status effects
A: slimy green scales 1, spiny 1, demonic magic 1
a: no special abilities


You were on level 4 of the Dungeon.
You visited 1 branch of the dungeon, and saw 4 of its levels.

You collected 191 gold pieces.
You spent 24 gold pieces at shops.

Inventory:

Hand Weapons
 a - a +0 dagger (weapon)
 r - a +0 mace
Missiles
 n - 8 poisoned darts (quivered)
Armour
 b - a +0 robe (worn)
 c - a +0 hat (worn)
 e - a +1 cloak (worn)
Jewellery
 h - a ring of magical power (left hand)
 s - a ring of protection from cold (right hand)
Wands
 k - a wand of roots (14)
Scrolls
 l - a scroll of silence
Potions
 d - 4 potions of magic
 g - a potion of haste {unknown}
 i - a potion of curing
 j - a potion of attraction
 m - a potion of flight {unknown}


   Skills:
 + Level 2.0 Fighting
 + Level 2.8 Dodging
 + Level 2.9 Stealth
 * Level 4.4 Spellcasting
 + Level 2.5 Conjurations
 + Level 2.5 Summonings
 + Level 2.4 Translocations


You had 8 spell levels left.
You knew the following spells:

 Your Spells              Type           Power      Damage    Failure   Level
a - Magic Dart            Conj           48%        1d5       5%          1
b - Call Imp              Summ           24%        N/A       9%          2
c - Blink                 Tloc           22%        N/A       9%          2

Your spell library contained the following spells:

 Spells                   Type           Power      Damage    Failure   Level
 Slow                     Hex            12%        N/A       16%         1
 Cigotuvi's Dreadful Rot  Necr/Pois/Air  6%         N/A       22%         2
 Mephitic Cloud           Conj/Pois/Air  6%         N/A       32%         3


Dungeon Overview and Level Annotations

Branches:
Dungeon (4/15)
 Temple: D:4-7

Altars:

Shops:
D:1 !   D:3 (

Annotations:
D:4 Edmund


Innate Abilities, Weirdness & Mutations

You are partially covered in slimy green scales. (AC +2)
You are partially covered in sharp spines.
Spells you cast may paralyse adjacent enemies.


Message History

Your cerulean imp hits Edmund but does no damage.
Edmund is struck by your spines. Edmund hits you with a +1 heavy flail!
Casting: Magic Dart (safe; 5% risk of failure)
Confirm with . or Enter, or press ? or * to list all spells.
Aiming: Magic Dart (safe; 5% risk of failure)
Press: ? - help, Shift-Dir - straight line, f/p - Edmund
Aim: Edmund, wielding a +1 heavy flail and wearing a +0 chain mail (moderately wounded, ally target, 100% to hit)
The magic dart hits Edmund.
Edmund is moderately wounded.
Malevolent energies surge around you.
Your cerulean imp hits Edmund with a -3 spear.
You hit Edmund but do no damage.
Edmund is moderately wounded.
Edmund clears his throat.
Edmund hits you with a +1 heavy flail.
Your cerulean imp hits Edmund but does no damage.
You hit Edmund.
Edmund is moderately wounded.
Your cerulean imp hits Edmund but does no damage.
Edmund is struck by your spines. Edmund hits you but does no damage.
You barely miss Edmund.
Edmund is heavily wounded.
Your cerulean imp hits Edmund but does no damage.
Your magical contamination has completely faded away.
You hit Edmund but do no damage.
Edmund is heavily wounded.
Edmund is struck by your spines. Edmund hits you with a +1 heavy flail!
* * * LOW HITPOINT WARNING * * *
Your cerulean imp barely misses Edmund.
Casting: Magic Dart (safe; 5% risk of failure)
Confirm with . or Enter, or press ? or * to list all spells.
Aiming: Magic Dart (safe; 5% risk of failure)
Press: ? - help, Shift-Dir - straight line, f/p - Edmund
Aim: Edmund, wielding a +1 heavy flail and wearing a +0 chain mail (heavily wounded, ally target, 100% to hit)
The magic dart hits Edmund but does no damage.
Edmund is heavily wounded.
Malevolent energies surge around you.
Your cerulean imp hits Edmund but does no damage.
Edmund is struck by your spines. Edmund hits you with a +1 heavy flail!
You die...

### #.# #.#
.... #.# #.....
#.# #....
#.#####...
#@##g.@.# ..
#@##.(..# #.##
#5)#....## ..#
##.......###
#.#
###.......##
#.##
#....##..###..#
#....###....#..
#....# ####....
#....# ####.


You could see Edmund (ally target) and a friendly cerulean imp (summoned).

Vanquished Creatures
  A phantom (D:2)
  2 orc priests (D:3)
  Terence (D:2)
  Natasha (twice) (D:2)
  An orc wizard (D:3)
  An adder (D:2)
  3 gnolls (D:4)
  A worm (D:3)
  A dart slug (D:1)
  5 orcs (D:3)
  4 bats
  4 endoplasms
  2 giant cockroaches
  6 goblins
  5 hobgoblins
  7 kobolds
  4 quokkas
  4 ball pythons
  4 frilled lizards
  7 rats
65 creatures vanquished.

Vanquished Creatures (collateral kills)
  A water moccasin (D:4)
  Natasha (D:2)
  2 orcs (D:3)
4 creatures vanquished.

Grand Total: 69 creatures vanquished

Notes
Turn   | Place    | Note
-------+----------+-------------------------------------------
     0 | D:1      | booth the Demonspawn Hedge Wizard began the quest for the
                  | Orb.
     0 | D:1      | Reached XP level 1. HP: 13/13 MP: 4/4
   151 | D:1      | Found Esaiklarai's Distillery.
   195 | D:1      | Reached skill level 1 in Translocations
   280 | D:1      | Gained mutation: You are partially covered in sharp spines.
                  | [demonic ancestry]
   280 | D:1      | Reached XP level 2. HP: 13/20 MP: 1/6
   602 | D:1      | Learned a level 2 spell: Call Imp
   605 | D:1      | Learned a level 2 spell: Blink
  1152 | D:2      | Noticed a phantom
  1177 | D:2      | Killed a phantom
  1178 | D:2      | Reached skill level 1 in Fighting
  1178 | D:2      | Gained mutation: Spells you cast may paralyse adjacent
                  | enemies. [demonic ancestry]
  1178 | D:2      | Reached XP level 3. HP: 12/26 MP: 8/8
  1178 | D:2      | Reached XP level 4. HP: 15/32 MP: 9/9
  1249 | D:2      | Noticed Natasha
  1273 | D:2      | Killed Natasha
  1303 | D:2      | Noticed Terence
  1350 | D:2      | Killed Terence
  1351 | D:2      | Gained mutation: You are partially covered in slimy green
                  | scales. (AC +2) [demonic ancestry]
  1351 | D:2      | Reached XP level 5. HP: 24/37 MP: 10/10
  1569 | D:2      | Noticed Natasha
  1597 | D:2      | Killed Natasha
  1890 | D:2      | Noticed Natasha
  1923 | D:2      | Killed Natasha
  1924 | D:2      | Reached skill level 4 in Spellcasting
  2140 | D:3      | Found Ofuedok's Weapon Shop.
  2148 | D:3      | Bought 4 poisoned darts for 24 gold pieces
  2458 | D:3      | Reached XP level 6. HP: 17/44 MP: 12/12
  3163 | D:4      | Noticed a water moccasin
  3177 | D:4      | Killed a water moccasin
  3393 | D:4      | Noticed Edmund
  3420 | D:4      | Slain by Edmund

Illustrated notes

Levels and vault maps discovered:
D:1:      eino_arrival_druids_welcome, layout_basic, serial_shops,
          nicolae_shop_tiny_statue_garden
D:2:      layout_basic, uniq_terence, uniq_natasha
D:3:      layout_loops_ring, serial_shops, shop, serial_park_tiny_2
D:4:      layout_basic, chequers_serial_rivers_micro_a, uniq_edmund,
          uniq_crazy_yiuf_cottage, uniq_duvessa

Skill      XL: |  1  2  3  4  5  6 |
---------------+-------------------+-----
Translocations | 1 2 |  2.4
Dodging        | 2 |  2.8
Stealth        | 2 |  2.9
Fighting       | 1 2 |  2.0
Summonings     | 2 |  2.5
Spellcasting   | 4 |  4.4
Conjurations   | 2 |  2.5

Action                     |  1- 3 |  4- 6 || total
---------------------------+-------+-------++-------
  Melee: Dagger            |    38 |   161 ||   199
         Punch             |       |     2 ||     2
  Throw: Dart              |       |    10 ||    10
   Cast: Magic Dart        |    37 |    26 ||    63
         Call Imp          |     1 |     9 ||    10
    Use: Scroll            |     3 |     6 ||     9
         Potion            |     2 |     3 ||     5
   Stab: Sleeping          |     2 |     2 ||     4
         Paralysed         |       |     6 ||     6
         Distracted        |       |     1 ||     1
 Armour: Robe              |     5 |    35 ||    40
  Dodge: Dodged            |    22 |    98 ||   120
